 Dungeon Crawl Stone Soup version 0.20.0-15-g7f486f2 (webtiles) character file.

46 itabs the Ruffian (level 3, -2/28 HPs)
             Began as a Draconian Transmuter on June 10, 2017.
             Slain by Sigmund
             ... wielding a cursed -1 scythe
              (9 damage)
             ... on level 2 of the Dungeon.
             The game lasted 00:34:29 (1412 turns).

itabs the Ruffian (Draconian Transmuter)            Turns: 1412, Time: 00:34:29

Health: -2/28      AC:  6    Str: 13    XL:     3   Next: 44%
Magic:  5/6        EV: 12    Int: 13    God:
Gold:   120        SH:  0    Dex: 11    Spells: 5/6 levels left

rFire    . . .     SeeInvis +   k - +2 spear (flame)
rCold    . . .     Gourm    .   (no shield)
rNeg     . . .     Faith    .   (armour unavailable)
rPois    .         Spirit   .   (helmet restricted)
rElec    .         Reflect  .   h - +0 cloak
rCorr    .         Harm     .   d - -1 pair of gloves (curse)
MR       .....                  (boots currently unavailable)
Stlth    +.........             (no amulet)
Regen    0.1/turn               f - ring of see invisible
MPRegen  0.1/turn               (no ring)

@: appendage
A: unfitting armour, talons 3, cold-blooded, AC +5
a: End Transformation


You were on level 2 of the Dungeon.
You were not hungry.
You had grown temporary talons.
You visited 1 branch of the dungeon, and saw 2 of its levels.

You collected 120 gold pieces.

Inventory:

Hand Weapons
 e - a +0 dagger (quivered)
 g - a +0 dagger
 i - a +0 club
 k - a +2 spear of flaming (weapon)
 q - a +0 dagger
Missiles
 a - 12 arrows
 l - 32 sling bullets
Armour
 d - a cursed -1 pair of gloves (worn)
 h - a +0 cloak (worn)
Jewellery
 f - a ring of see invisible (left hand)
Scrolls
 j - a scroll of remove curse {unknown}
Potions
 m - 3 potions of curing
 r - a potion of heal wounds {unknown}
Books
 b - a book of Changes

   Spells                             Type                      Level
   a - Beastly Appendage              Transmutation                1
   b - Sticks to Snakes               Transmutation                2
   c - Spider Form                    Transmutation/Poison         3
   d - Ice Form                       Ice/Transmutation            4
   e - Blade Hands                    Transmutation                5
Comestibles
 c - 2 bread rations
 n - 3 fruits
 p - 7 chunks of flesh


   Skills:
 * Level 1.2 Fighting
 * Level 0.6 Polearms
 - Level 2.1 Dodging
 - Level 0.2 Stealth
 - Level 3.6 Unarmed Combat
 + Level 2.3 Spellcasting
 + Level 2.2 Transmutations


You had 5 spell levels left.
You knew the following spells:

 Your Spells              Type           Power        Failure   Level  Hunger
a - Beastly Appendage     Tmut           #.....       10%         1    #......


Dungeon Overview and Level Annotations

Branches:
Dungeon (2/15)

Altars:

Annotations:
D:2 Sigmund


Innate Abilities, Weirdness & Mutations

Your plain brown scales are hard. (AC +5)
You cannot fit into any form of body armour.
You are cold-blooded and may be slowed by cold attacks.
You have claws for feet.


Message History

Casting: Beastly Appendage
Confirm with . or Enter, or press ? or * to list all spells.
Your feet morph into talons.
Attack whom?
Press: ? - help, Dir - move target cursor, f/p - Sigmund
Aim: Sigmund, wielding an enchanted scythe and wearing a robe (severely wounded, slightly transparent)
You reach to attack!
You closely miss Sigmund.
Sigmund is severely wounded.
Sigmund hits you but does no damage. Sigmund closely misses you.
You hit Sigmund. You burn Sigmund.
Your tail-slap misses Sigmund.
Sigmund is severely wounded.
Sigmund hits you with an enchanted scythe.
* * * LOW HITPOINT WARNING * * *
You barely miss Sigmund. You claw Sigmund, but do no damage.
Sigmund is severely wounded.
You barely miss Sigmund.
Sigmund is severely wounded.
Sigmund hits you with an enchanted scythe!
You die...

#.###.># ....... ..#
##.## ...##.. ### #..#
###.....# # ##.###
##.......#
#######...#####........#
....##.................#
.......##...####.....###
....######...##.@†####
....#####.......@..##
....................#
########............#
#......<....)#
##..........##
##...##...## ##########


You could see Sigmund (invisible).

Vanquished Creatures
  3 dart slugs
  4 leopard geckos
  3 bats (D:1)
  A giant cockroach (D:1)
  5 goblins
  2 hobgoblins (D:1)
  3 jackals (D:1)
  4 kobolds
  2 frilled lizards (D:1)
  4 rats
  2 plants (D:1)
33 creatures vanquished.

Notes
Turn   | Place    | Note
-------+----------+-------------------------------------------
     0 | D:1      | itabs the Draconian Transmuter began the quest for the Orb.
     0 | D:1      | Reached XP level 1. HP: 16/16 MP: 3/3
   361 | D:1      | Reached XP level 2. HP: 23/23 MP: 5/5
  1019 | D:1      | Reached XP level 3. HP: 28/28 MP: 6/6
  1386 | D:2      | Noticed Sigmund
  1412 | D:2      | Slain by Sigmund

Skill      XL: |  1  2 |
---------------+-------+-----
Dodging        | 2 |  2.1
Fighting       | |  1.2
Polearms       | |  0.6
Stealth        | |  0.2
Unarmed Combat | |  3.6
Spellcasting   | |  2.3
Transmutations | |  2.2

Action                   || total
-------------------------++-------
Melee: Unarmed           ||   170
       Tailslap          ||    34
       Spear             ||    45
       Punch             ||     3
       Headbutt          ||     1
       Kick              ||     1
 Cast: Beastly Appendage ||     2
  Use: Scroll            ||     3
  Eat: Fruit             ||     1
       Chunk             ||     1
Armor: Skin              ||    57
Dodge: Dodged            ||    87
